 Dungeon Crawl Stone Soup version 0.30-a0-996-ga6910c8ee8 (webtiles) character file.

Game seed: 11605335721859385025

6577 bande the Cleaver (level 11, -1/68 HPs)
             Began as a Gargoyle Fighter on Apr 4, 2023.
             Was an Initiate of Okawaru.
             Killed by divine providence
             ... invoked by an orc priest
              (11 damage)
             ... on level 9 of the Dungeon.
             The game lasted 00:14:26 (9431 turns).

bande the Cleaver (Gargoyle Fighter)                Turns: 9431, Time: 00:14:26

Health: -1/68      AC: 23    Str: 21    XL:     11   Next: 1%
Magic:  11/11      EV:  7    Int:  8    God:    Okawaru [......]
Gold:   301        SH:  6    Dex: 13    Spells: 10/10 levels left

rFire   . . .      SeeInvis .    a - +1 war axe
rCold   . . .      Faith    .    c - +1 buckler
rNeg    + . .      Spirit   .    x - +0 chain mail
rPois   ∞          Reflect  .    (no helmet)
rElec   +          Rampage  .    (no cloak)
rCorr   .                        u - +2 pair of gloves
Will    .....                    v - +0 pair of boots Stlth
                                 (no amulet)
HPRegen 0.31/turn                k - +4 ring of slaying
MPRegen 0.12/turn                (no ring)

@: no status effects
A: sickness immunity, AC +8, negative energy resistance 1, electricity
resistance, torment resistance 1, petrification resistance
a: Renounce Religion


You were on level 9 of the Dungeon.
You worshipped Okawaru.
Okawaru was noncommittal.
You visited 2 branches of the dungeon, and saw 10 of its levels.

You collected 301 gold pieces.

Inventory:

Hand Weapons
 a - a +1 war axe (weapon)
 d - a +0 war axe
 y - a +0 flail of protection
Armour
 c - a +1 buckler (worn)
 u - a +2 pair of gloves (worn)
 v - a +0 pair of boots (worn)
 x - a +0 chain mail (worn)
Jewellery
 k - a +4 ring of slaying (left hand)
Wands
 i - a wand of flame (7)
 r - a wand of roots (10)
Scrolls
 f - a scroll of teleportation
 g - 3 scrolls of magic mapping
 m - 2 scrolls of silence
 n - 3 scrolls of amnesia
 s - a scroll of blinking
 w - 2 scrolls of identify
Potions
 b - a potion of mutation
 e - 2 potions of ambrosia
 h - 3 potions of curing
 j - a potion of resistance
 l - 2 potions of flight
 o - 2 potions of magic
 p - 2 potions of might
 t - a potion of invisibility
 z - a potion of heal wounds
 A - a potion of brilliance


   Skills:
 + Level 7.7 Fighting
 + Level 10.2 Axes
 + Level 8.1 Armour
 + Level 6.6 Shields
 * Level 5.4 Evocations


You had 10 spell levels left.
You didn't know any spells.
Your spell library contained the following spells:

 Spells                   Type           Power      Damage    Failure   Level
 Apportation              Tloc           0%         N/A       99%         1
 Necrotise                Necr           0%         1d4       99%         1
 Sting                    Tmut/Pois      0%         1d3       99%         1
 Poisonous Vapours        Pois/Air       0%         N/A       99%         2
 Scorch                   Fire           0%         2d5       99%         2
 Swiftness                Air            0%         N/A       100%        3
 Vhi's Electric Charge    Tloc/Air       0%         N/A       100%        3
 Flame Wave               Conj/Fire      0%         2d4       100%        4
 Olgreb's Toxic Radiance  Pois           0%         N/A       100%        4
 Conjure Ball Lightning   Conj/Air       0%         3x3d6     100%        6
 Maxwell's Capacitive Co  Air            0%         ∞         100%        8
 Summon Small Mammal      Summ           Unusable   N/A       N/A         1
 Summon Cactus Giant      Summ           Unusable   N/A       N/A         6

Dungeon Overview and Level Annotations

Branches:
Dungeon (9/15)             Temple (1/1) D:5
   Lair: D:8-11         Orc: D:9-12

Altars:
Ashenzari
Cheibriados
Dithmenos
Elyvilon
Fedhas
Gozag
Hepliaklqana
Kikubaaqudgha
Makhleb
Nemelex Xobeh
Okawaru
Qazlal
Ru
Sif Muna
Trog
Uskayaw
Vehumet
Wu Jian
Xom
Yredelemnul
Zin
The Shining One

Shops:
D:1 *   D:2 *   D:6 (*[   D:7 !

Annotations:
D:8 2 transporters


Innate Abilities, Weirdness & Mutations

You are immune to sickness and miasma.
Your stone body is resilient. (AC +8)
You are immune to poison.
You resist negative energy. (rN+)
You are resistant to electric shocks. (rElec)
You are resistant to unholy torment.
You are immune to petrification.


Message History

No target in view!
No target in view!
No target in view!
No target in view!
An orc priest and an orc come into view.
The orc priest shouts!
The orc shouts!
A hornet comes into view.
The orc moves out of view.
There is an iron altar of Okawaru here.
You kneel at the altar of Okawaru.
Okawaru welcomes you!
The hornet buzzes angrily.
You hear a shout!
The orc priest mumbles some strange prayers to Beogh against you.
Beogh smites you!
An orc wizard comes into view. It is wielding a +0 dagger.
An orc comes into view. It is wielding a +0 hand axe.
The hornet stings you. The hornet attacks as you move away!
The hornet barely misses you.
The orc wizard gestures wildly while chanting.
The orc wizard flickers and vanishes!
Deactivating autopickup; reactivate with Ctrl-A.
You block the hornet's attack.
Things that are here:
a +0 shortbow; a centaur corpse The hornet attacks as you move away!
The hornet stings you!
The hornet stings you but does no damage.
The hornet attacks as you move away! The hornet stings you.
The orc priest invokes the aid of Beogh against you.
Beogh smites you! The hornet attacks as you move away! The hornet stings you.
* * * LOW HITPOINT WARNING * * *
The hornet stings you!
* * * LOW HITPOINT WARNING * * *
The hornet stings you.
* * * LOW HITPOINT WARNING * * *
The hornet attacks as you move away!
The hornet stings you but does no damage.
The orc priest calls down the wrath of Beogh upon you.
Beogh smites you!
You die...

...........# #.# #....#
.......#...# ##.#####....#
.......#...###...........#
.......#........##..#....#
.......#...##.<.##.....#.#
.......#...##.........##.#
.......#...##...##.......#
.....(................##.#
.......########.@#....##.#
.......# #.y.....##.#
.......# ##.........#
....<..## #......##.###
........# ###..........##
........# #....o........#
........# #.#....†##.####
.......## ####.##.......#
.......#
...........).>#####


You could see a hornet and an orc priest.

Vanquished Creatures
  The ghost of elongatedgoose the Covert, a novice SpSu of Hepliaklqana (D:8)
  Maggie (D:8)
  Psyche (D:8)
  Prince Ribbit (D:8)
  Grinder (D:5)
  11 yaks
  Sigmund (D:2)
  A steam dragon (D:7)
  2 water moccasins
  A sky beast (D:8)
  2 black bears
  2 ice beasts
  2 ogres (D:7)
  4 centaurs
  2 phantoms (D:6)
  2 kobold brigands
  8 bullfrogs
  Blork the orc (D:5)
  A gnoll sergeant (D:8)
  3 scorpions
  6 killer bees (D:8)
  A howler monkey (D:6)
  4 jellies
  2 gnoll boudas
  A hound (D:3)
  Jessica (D:3)
  2 iguanas (D:5)
  Ijyb (D:3)
  8 orc wizards
  7 gnolls
  9 adders
  2 shadow imps (D:6)
  5 white imps
  6 ufetubi
  A dart slug (D:3)
  22 orcs
  10 bats
  10 endoplasms
  3 giant cockroaches
  5 hobgoblins
  4 jackals (D:1)
  4 quokkas
  7 ball pythons
  2 frilled lizards (D:1)
  4 goblins
  26 kobolds
  6 rats
  A butterfly (D:3)
208 creatures vanquished.

Vanquished Creatures (others)
  3 plants (D:2)
3 creatures vanquished.

Grand Total: 211 creatures vanquished

Notes
Turn   | Place    | Note
-------+----------+-------------------------------------------
     0 | D:1      | bande the Gargoyle Fighter began the quest for the Orb.
     0 | D:1      | Reached XP level 1. HP: 14/14 MP: 1/1
    34 | D:1      | Reached XP level 2. HP: 18/19 MP: 2/2
   509 | D:1      | Reached skill level 2 in Axes
   509 | D:1      | Reached XP level 3. HP: 24/24 MP: 3/3
   588 | D:1      | Found Mal Osm's Assorted Antiques.
   721 | D:2      | Noticed Sigmund
   729 | D:2      | Killed Sigmund
   730 | D:2      | Reached skill level 3 in Axes
   730 | D:2      | Reached XP level 4. HP: 26/29 MP: 4/4
   730 | D:2      | Reached XP level 5. HP: 29/33 MP: 5/5
   946 | D:2      | Found Fihiram's General Store.
  1020 | D:2      | Reached XP level 6. HP: 39/39 MP: 6/6
  1453 | D:3      | Found a shimmering altar of Xom.
  1552 | D:3      | Noticed Ijyb
  1561 | D:3      | Killed Ijyb
  1659 | D:3      | Got the Dissertation on Voltage
  1937 | D:3      | Reached skill level 4 in Axes
  1998 | D:3      | Noticed Jessica
  2011 | D:3      | Killed Jessica
  2324 | D:4      | Reached XP level 7. HP: 6/44 MP: 7/7
  2605 | D:4      | Reached skill level 5 in Fighting
  2605 | D:4      | Reached skill level 5 in Axes
  2772 | D:4      | Reached skill level 5 in Armour
  3127 | D:5      | Entered Level 5 of the Dungeon
  3178 | D:5      | Found a staircase to the Ecumenical Temple.
  3214 | Temple   | Entered the Ecumenical Temple
  3704 | D:5      | Reached skill level 6 in Axes
  3704 | D:5      | Reached XP level 8. HP: 50/50 MP: 8/8
  3969 | D:5      | Noticed Grinder
  3970 | D:5      | Noticed Blork the orc
  3977 | D:5      | Paralysed by Grinder for 2 turns
  3981 | D:5      | Killed Grinder
  3982 | D:5      | Reached skill level 5 in Shields
  3982 | D:5      | Reached skill level 1 in Evocations
  3988 | D:5      | Killed Blork the orc
  5197 | D:6      | Found Fotedal's Weapon Emporium.
  5204 | D:6      | Found a glowing silver altar of Zin.
  5232 | D:6      | Found Maedghin's Antique Armour Emporium.
  5245 | D:6      | Reached skill level 7 in Axes
  5317 | D:6      | Reached XP level 9. HP: 55/55 MP: 9/9
  5784 | D:6      | Found Tastuira's General Store.
  6038 | D:7      | Found Yrphanef's Distillery.
  6230 | D:7      | Reached skill level 8 in Axes
  6718 | D:8      | Found a large runed translucent door.
  6718 | D:8      | Found a large runed translucent door.
  6729 | D:8      | Noticed elongatedgoose's ghost (novice SpSu)
  6859 | D:8      | Noticed Maggie
  6873 | D:8      | Killed Maggie
  6874 | D:8      | Reached XP level 10. HP: 45/61 MP: 10/10
  6938 | D:8      | Found a transporter.
  6955 | D:8      | Reached skill level 9 in Axes
  7037 | D:8      | Noticed a two-headed ogre
  7097 | D:8      | Found a basalt altar of Yredelemnul.
  7097 | D:8      | Found a shimmering blue altar of Sif Muna.
  7151 | D:8      | Found an ancient bone altar of Kikubaaqudgha.
  7155 | D:8      | Found a white marble altar of Elyvilon.
  7156 | D:8      | Identified the +7 short sword of the Tooth {venom, Fragile
                  | rPois Str+3 Dex+2}
  7161 | D:8      | Found a sacrificial altar of Ru.
  7164 | D:8      | Found an ornate altar of the Wu Jian Council.
  7493 | D:8      | Found a broken altar of Ashenzari.
  7511 | D:8      | Found a transporter.
  7832 | D:8      | Killed elongatedgoose's ghost
  8200 | D:8      | Reached skill level 5 in Evocations
  8678 | D:9      | Noticed Prince Ribbit
  8812 | D:9      | Noticed Psyche
  8822 | D:8      | Reached skill level 10 in Axes
  9189 | D:8      | Killed Psyche
  9202 | D:8      | Killed Prince Ribbit
  9396 | D:9      | Reached XP level 11. HP: 65/68 MP: 11/11
  9397 | D:9      | Found an iron altar of Okawaru.
  9414 | D:9      | Became a worshipper of Warmaster Okawaru
  9431 | D:9      | Killed from afar by an orc priest

Illustrated notes

Levels and vault maps discovered:
D:1:      heliophobic_arrival_enchanted_forest, layout_basic, serial_shops,
          nicolae_shop_temple_entry_statues_fountains, nicolae_hexahallways,
          minmay_misc_feat_cross
D:2:      minmay_kobold_bridge, layout_loops_ring, serial_shops, shop_statue,
          serial_bayou_ford_a, uniq_sigmund
D:3:      layout_basic, xom_butterflies, minivault_25, kennysheep_cross_room,
          minmay_puff, uniq_ijyb, uniq_jessica
D:4:      layout_cave_pools
D:5:      layout_layer_cave, minmay_temple_entry_offerings, st_stairs_5,
          minmay_splitting_lines, uniq_blork_the_orc, uniq_grinder
D:6:      layout_gridville, lemuel_crystal_altar, serial_shops, shop,
          kennysheep_mini_moat, nicolae_shop_bloodbath_and_beyond
D:7:      layout_basic, serial_shops, shop, nicolae_fountain_basement
D:8:      gammafunk_beogh_shrine, layout_loops_ring,
          nicolae_overflow_hallway_of_the_gods, mainiacjoe_overflow_boulevard,
          ebering_ghost_disaster_area, chequers_hall_statues_wall_a, uniq_maggie
D:9:      layout_basic, okawaru_trees_1, uniq_psyche, uniq_prince_ribbit1
Temple:   minmay_temple_forest_path

Skill      XL: |  1  2  3  4  5  6  7  8  9 10 |
---------------+-------------------------------+-----
Axes           | 2 3 4 6 7 8 10 | 10.2
Fighting       | 4 5 6 7 |  7.7
Armour         | 4 5 6 8 |  8.1
Shields        | 4 5 6 |  6.6
Evocations     | 2 4 5 |  5.4

Action                     |  1- 3 |  4- 6 |  7- 9 | 10-12 || total
---------------------------+-------+-------+-------+-------++-------
  Melee: War axe           |    68 |   121 |   284 |   166 ||   639
    Use: Potion            |     1 |       |     1 |     1 ||     3
         Scroll            |       |    12 |    11 |     1 ||    24
 Armour: Scale mail        |    43 |    70 |   160 |       ||   273
         Chain mail        |       |       |    43 |   146 ||   189
  Dodge: Dodged            |    45 |    65 |   119 |    84 ||   313
  Block: Buckler           |    19 |    43 |   102 |    62 ||   226

Table legend: (Time is in decaauts)
 A = Elapsed time spent in this place.
 B = Non-inter-level travel time spent in this place.
 C = Inter-level travel time spent in this place.
 D = Time resting spent in this place.
 E = Time spent auto-exploring this place.
 F = Levels seen in this place.
 G = Mean time per level.
                   A        B        C        D        E       F      G
               +--------+--------+--------+--------+--------+-----+--------+
         Total |   9609 |   9289 |    320 |   2176 |   5392 |  10 |  960.9 |
       Dungeon |   9163 |   8892 |    271 |   2176 |   5011 |   9 | 1018.1 |
        Temple |    445 |    396 |     49 |      0 |    381 |   1 |  445.0 |
               +--------+--------+--------+--------+--------+-----+--------+

Top non-repeatable levels by time:
     D:8: 2694 daAuts
     D:5: 1538 daAuts
     D:4: 862 daAuts
     D:3: 859 daAuts
     D:7: 793 daAuts
     D:6: 783 daAuts
     D:2: 753 daAuts
     D:1: 750 daAuts
  Temple: 445 daAuts
     D:9: 129 daAuts
